 Dungeon Crawl Stone Soup version 0.28.0-53-g5a82cb258f (webtiles) character file.

Game seed: 12143206056373726447

93 Godmorgon the Shield-Bearer (level 4, 0/40 HPs)
             Began as a Minotaur Fighter on Aug 13, 2022.
             Succumbed to an orc priest's poison
             ... on level 3 of the Dungeon.
             The game lasted 00:08:06 (2208 turns).

Godmorgon the Shield-Bearer (Minotaur Fighter)      Turns: 2208, Time: 00:08:07

Health: 0/40       AC: 12    Str: 22    XL:     4   Next: 37%
Magic:  3/3        EV:  7    Int:  5    God:
Gold:   221        SH:  4    Dex: 10    Spells: 3/3 levels left

rFire   . . .      SeeInvis .   a - +0 flail
rCold   . . .      Faith    .   c - +0 buckler
rNeg    . . .      Spirit   .   p - +0 chain mail
rPois   .          Reflect  .   (helmet restricted)
rElec   .          Harm     .   (no cloak)
rCorr   .          Rampage  .   (no gloves)
Will    .....                   k - +2 pair of boots
Stlth   ..........              i - amulet of regeneration
HPRegen 0.93/turn               (no ring)
MPRegen 0.08/turn               (no ring)

@: lethally poisoned (0 -> -7)
A: horns 2, retaliatory headbutt
a: no special abilities


You were on level 3 of the Dungeon.
You visited 1 branch of the dungeon, and saw 3 of its levels.

You collected 221 gold pieces.

Inventory:

Hand Weapons
 a - a +0 flail (weapon)
Missiles
 l - 13 stones
 m - 5 poisoned darts (quivered)
Armour
 c - a +0 buckler (worn)
 k - a +2 pair of boots (worn)
 p - a +0 chain mail (worn)
Jewellery
 i - an amulet of regeneration (around neck)
Scrolls
 b - a scroll of enchant armour {unknown}
 d - a scroll of amnesia {unknown}
 g - a scroll of noise {unknown}
 h - a scroll of magic mapping {unknown}
 j - 2 scrolls of identify {unknown}
Potions
 e - 2 potions of ambrosia {unknown}
 f - a potion of heal wounds {unknown}
 o - a potion of degeneration {unknown}


   Skills:
 + Level 4.2 Fighting
 * Level 3.9 Maces & Flails
 + Level 0.6 Throwing
 + Level 4.2 Armour
 + Level 0.1 Dodging
 + Level 4.2 Shields


You had 3 spell levels left.
You didn't know any spells.
Your spell library was empty.

Dungeon Overview and Level Annotations

Branches:
Dungeon (3/15)

Altars:
Fedhas

Shops:
D:1 (


Innate Abilities, Weirdness & Mutations

You have a pair of horns on your head.
You reflexively headbutt those who attack you in melee.


Message History

You are too injured to fight recklessly!
You are too injured to fight recklessly!
You are too injured to fight recklessly!
You are too injured to fight recklessly!
You are too injured to fight recklessly!
You are too injured to fight recklessly!
You are too injured to fight recklessly!
You are too injured to fight recklessly!
You are too injured to fight recklessly!
You are too injured to fight recklessly!
You are too injured to fight recklessly!
You are too injured to fight recklessly!
The orc shouts!
You hit the orc but do no damage.
The orc priest looks encouraged for a moment.
The orc barely misses you.
You completely miss the orc. The orc hits you but does no damage.
You completely miss the orc. The orc closely misses you.
You barely miss the orc. You headbutt the orc.
You kill the orc!
The orc priest hits you but does no damage.
You are poisoned.
You closely miss the orc priest.
You feel very sick. You block the orc priest's attack.
You closely miss the orc priest. You headbutt the orc priest!
The orc priest is severely wounded.
You feel sick.
The orc priest hits you but does no damage.
You are more poisoned.
You hit the orc priest.
The orc priest is almost dead.
You feel very sick.
The orc priest invokes the aid of Beogh against you.
Pain shoots through your body!
* * * LOW HITPOINT WARNING * * *
The orc priest hits you but does no damage.
You barely miss the orc priest. You headbutt the orc priest.
You kill the orc priest!
You die...

## #### #### ...
...########(#
##.##.......# #
##.##.####..############
##
.........#..##..@)oo....
##.
##.##.##.......#########
##.# #.##.####...###
#.## ##.##.........#
##.# ...#######...## .
##. #### ##.## .## ##
.## #.# ..# # ..# #.#
#.# # ..# ##+## #.# #


You could see 2 orcs.

Vanquished Creatures
  An orc priest (D:3)
  Robin (D:3)
  An adder (D:2)
  A worm (D:2)
  3 dart slugs (D:1)
  3 orcs (D:3)
  7 ball pythons
  3 endoplasms
  A giant cockroach (D:2)
  13 goblins
  6 hobgoblins
  3 jackals (D:3)
  2 kobolds
  4 quokkas
  2 bats (D:2)
  4 frilled lizards
  5 rats
60 creatures vanquished.

Notes
Turn   | Place    | Note
-------+----------+-------------------------------------------
     0 | D:1      | Godmorgon the Minotaur Fighter began the quest for the Orb.
     0 | D:1      | Reached XP level 1. HP: 19/19 MP: 0/0
    41 | D:1      | Found Lycog's Weapon Boutique.
   118 | D:1      | Reached XP level 2. HP: 27/27 MP: 1/1
   677 | D:2      | Reached XP level 3. HP: 33/33 MP: 2/2
  1009 | D:2      | Found a blossoming altar of Fedhas.
  1025 | D:2      | Found a faded altar of an unknown god.
  1684 | D:3      | Noticed Robin
  1711 | D:3      | Reached XP level 4. HP: 7/40 MP: 3/3
  1714 | D:3      | Killed Robin
  2208 | D:3      | Succumbed to an orc priest's poison

Illustrated notes

Levels and vault maps discovered:
D:1:      wheals_arrival_shading, layout_basic, serial_shops,
          nicolae_shop_bloodbath_and_beyond
D:2:      layout_loops_corners, chequers_ecumenical_altar_simple, basic_altar
D:3:      kennysheep_goblin_castle, layout_loops_corners,
          mainiacjoe_overflow_alcove_4, minmay_door_square, uniq_sigmund

Skill      XL: |  1  2 |
---------------+-------+-----
Maces & Flails | 3 |  3.9
Fighting       | 4 |  4.2
Armour         | 4 |  4.2
Shields        | 4 |  4.2
Throwing       | |  0.6
Dodging        | |  0.1

Action                   |  1- 3 |  4- 6 || total
-------------------------+-------+-------++-------
Melee: Flail             |    86 |    30 ||   116
       Headbutt          |     9 |     7 ||    16
Throw: Dart              |     4 |       ||     4
  Use: Potion            |     1 |       ||     1
 Stab: Sleeping          |       |     1 ||     1
Armor: Scale mail        |    28 |       ||    28
       Skin              |     7 |     3 ||    10
       Chain mail        |       |     5 ||     5
Dodge: Dodged            |    49 |    14 ||    63
Block: Buckler           |    24 |     9 ||    33
